 Dungeon Crawl Stone Soup version 0.19-a0-46-g8690a2b (webtiles) character file.

81 Jeelzebub the Slasher (level 4, -8/40 HPs)
             Began as a Minotaur Fighter on May 6, 2016.
             Killed from afar by an orc wizard (11 damage)
             ... with a puff of flame
             ... on level 3 of the Dungeon.
             The game lasted 00:00:55 (1145 turns).

Jeelzebub the Slasher (Minotaur Fighter)            Turns: 1145, Time: 00:00:55

Health: -8/40      AC:  6    Str: 25    XL:     4   Next: 20%
Magic:  3/3        EV:  9    Int:  5    God:
Gold:   10         SH:  0    Dex: 11    Spells: 0 memorised, 3 levels left

rFire  . . .     SeeInvis .     a - +0 long sword
rCold  . . .     Gourm    .     b - +0 scale mail
rNeg   . . .     Faith    .     (no shield)
rPois  .         Spirit   .     (helmet restricted)
rElec  .         Dismiss  .     (no cloak)
rCorr  .         Reflect  .     (no gloves)
SustAt .         Harm     .     (no boots)
MR     .....                    (no amulet)
Stlth  ..........               (no ring)
                                (no ring)

@: confused, mighty, not resistant to hostile enchantments, extremely unstealthy
A: retaliatory headbutt, horns 2
a: no special abilities


You were on level 3 of the Dungeon.
You were hungry.

You visited 1 branch of the dungeon, and saw 3 of its levels.

You collected 10 gold pieces.

Inventory:

Hand Weapons
 a - a +0 long sword (weapon)
Armour
 b - a +0 scale mail (worn)
 c - a +0 shield
Scrolls
 e - 3 scrolls of random uselessness {unknown}
 g - a scroll of identify {unknown}
Comestibles
 f - a bread ration {@e1}


   Skills:
 - Level 3.7 Fighting
 + Level 5.3 Long Blades
 - Level 3.6 Armour
 - Level 3.6 Shields


You had 3 spell levels left.
You didn't know any spells.

Dungeon Overview and Level Annotations

Branches:
Dungeon (3/15)

Altars:


Innate Abilities, Weirdness & Mutations

You reflexively headbutt those who attack you in melee.
You have a pair of horns on your head.


Message History

No target in view!
A bat comes into view.
The bat hits you but does no damage.
You barely miss the bat. Your headbutt misses the bat.
The bat closely misses you.
You barely miss the bat. The bat hits you but does no damage.
The bat hits you but does no damage. The bat closely misses you.
You closely miss the bat. The bat closely misses you.
A bat is nearby!
A kobold comes into view.
The bat hits you but does no damage.
There are monsters nearby!
You slash the bat!
You kill the bat!
A goblin comes into view. It is wielding a dagger.
The goblin shouts!
The kobold barely misses you. 2 orcs and an orc wizard come into view.
There are monsters nearby!
The orc shouts!
The orc wizard shouts!
The orc shouts!
You hit the kobold.
You kill the kobold!
The orc wizard gestures wildly while chanting.
The orc wizard flickers and vanishes!
Deactivating autopickup; reactivate with Ctrl-A.
An orc and an orc wizard come into view.
Unknown command.
Your scale mail prevents you from hitting the goblin.
Your headbutt misses the goblin. The goblin completely misses you.
You slash the orc!
You kill the orc!
The goblin hits you but does no damage.
The orc wizard gestures wildly while chanting.
The orc wizard flickers and vanishes!
You barely miss the orc. Something hits you. The goblin hits you with a dagger.
Something hits you. The goblin barely misses you.
You take 5 damage, and have 35/40 hp.
Unknown command.
You hear some strange, mumbled words.
A puff of flame appears from out of thin air!
The puff of flame hits you!
You take 6 damage, and have 29/40 hp.
Found a stone staircase leading down.
You slash the goblin!
You kill the goblin!
The orc misses you.
Things that are here:
a dagger; a goblin corpse You closely miss the orc.
Something hits you.
You take 1 damage, and have 29/40 hp.
The orc hits you but does no damage.
You slash the orc!
You kill the orc!
You hear some strange, mumbled words.
A puff of flame appears from out of thin air!
The puff of flame hits you! Something hits you but does no damage.
You take 7 damage, and have 23/40 hp.
You slash the orc!
You kill the orc!
Something hits you but does no damage.
You miss something. Something hits you. x2
You take 5 damage, and have 18/40 hp.
Drink which item? (? for menu, Esc to quit)
You feel very mighty all of a sudden.
Something hits you but does no damage. x2
You miss something. Your headbutt misses something.
Something hits you but does no damage. Something hits you.
You take 1 damage, and have 17/40 hp.
You barely miss something. You headbutt something. Something hits you.
You hear some strange, mumbled words.
Something tries to affect you, but you resist.
You take 2 damage, and have 15/40 hp.
You barely miss something. Something hits you.
* * * LOW HITPOINT WARNING * * *
Something hits you but does no damage. Something hits you.
* * * LOW HITPOINT WARNING * * *
You take 6 damage, and have 9/40 hp.
You miss something. Your headbutt misses something.
You hear some strange, mumbled words.
You are confused.
Something hits you.
* * * LOW HITPOINT WARNING * * *
You take 2 damage, and have 7/40 hp.
You bump into the rock wall.
Something hits you.
* * * LOW HITPOINT WARNING * * *
Something hits you but does no damage.
You take 2 damage, and have 5/40 hp.
You barely miss something.
Something hits you but does no damage. x3
You bump into the rock wall.
Something completely misses you. Something hits you.
* * * LOW HITPOINT WARNING * * *
You take 1 damage, and have 4/40 hp.
You closely miss something.
Something hits you but does no damage. x2
You're too confused to move!
Something hits you.
* * * LOW HITPOINT WARNING * * *
You hear some strange, mumbled words.
A puff of flame appears from out of thin air!
The puff of flame hits you!
You die...

.. #..###.........
#. #......)......
#.. #..........
#..####
#..........
#....###...#######
### #....†.## ..#
##....#.# #.#
####..##{#.# .##.#
###....###@#.#
.##.###...####
#.{.# .##.#...###
..### ......###
...# ##.#....#
?.#.# ...##.#.#
#.##># .####....#
.. #.# ########.#
.# #.. )..........


There were no monsters in sight!

Vanquished Creatures
  An orc wizard (D:3)
  3 adders
  A dart slug (D:2)
  5 orcs (D:3)
  A goblin (D:3)
  A jackal (D:2)
  4 kobolds
  2 quokkas (D:3)
  2 bats
  2 rats
22 creatures vanquished.

Notes
Turn   | Place    | Note
--------------------------------------------------------------
     0 | D:1      | Jeelzebub the Minotaur Fighter began the quest for the Orb.
     0 | D:1      | Reached XP level 1. HP: 19/19 MP: 0/0
   181 | D:2      | HP: 5/20 [adder (3)]
   182 | D:2      | Reached skill level 3 in Long Blades
   182 | D:2      | Reached XP level 2. HP: 6/27 MP: 1/1
   590 | D:2      | Reached skill level 4 in Long Blades
   926 | D:3      | Reached XP level 3. HP: 32/33 MP: 2/2
   952 | D:3      | Reached skill level 5 in Long Blades
   952 | D:3      | Reached XP level 4. HP: 22/40 MP: 3/3
  1139 | D:3      | HP: 9/40 [something (3)]
  1143 | D:3      | HP: 4/40 [something (1)]
  1145 | D:3      | Killed from afar by an orc wizard

Vault maps used:
D:1:      dpeg_arrival_central, glass_columns_a, minmay_cupped
D:2:      grunt_temple_overflow_open, st_stairs_3, kennysheep_generic_room_11,
          uniq_terence
D:3:      roderic_lattice_a, tgw_kikubaaqudgha

Skill      XL: |  1  2  3 |
---------------+----------+-----
Long Blades    | 3 4 5 |  5.3
Fighting       | |  3.7
Armour         | |  3.6
Shields        | |  3.6

Action                   |  1- 3 |  4- 6 || total
-------------------------+-------+-------++-------
Melee: Long sword        |    59 |    19 ||    78
       Headbutt          |     8 |     1 ||     9
  Use: Potion            |       |     1 ||     1
Armor: Scale mail        |    47 |    17 ||    64
Dodge: Dodged            |    43 |     8 ||    51

Vault maps used:
D:1:      dpeg_arrival_central, glass_columns_a, minmay_cupped
D:2:      grunt_temple_overflow_open, st_stairs_3, kennysheep_generic_room_11,
          uniq_terence
D:3:      roderic_lattice_a, tgw_kikubaaqudgha

Table legend:
 A = Turns spent in this place as a percentage of turns spent in the entire game.
 B = Non-inter-level travel turns spent in this place as a percentage of non-inter-level travel turns spent in the entire game.
 C = Inter-level travel turns spent in this place as a percentage of turns spent in this place.
 D = Turns resting spent in this place as a percentage of non-inter-level travel turns spent in this place.
 E = Turns spent auto-exploring this place as a percentage of non-inter-level travel turns spent in this place.
 F = Non-inter-level travel turns spent in this place divided by the number of levels of this place that you've seen.
                   A       B       C       D       E      F
               +-------+-------+-------+-------+-------+----------------------
         Total | 100.0 | 100.0 |   1.0 |   5.2 |   8.3 |  64.3
       Dungeon | 100.0 | 100.0 |   1.0 |   5.2 |   8.3 |  64.3
               +-------+-------+-------+-------+-------+----------------------

Table legend:
 A = Kills in this place as a percentage of kills in entire the game.
 B = Kills by you in this place as a percentage of kills by you in the entire game.
 C = Kills by friends in this place as a percentage of kills by friends in the entire game.
 D = Other kills in this place as a percentage of other kills in the entire game.
 E = Experience gained in this place as a percentage of experience gained in the entire game.
 F = Experience gained in this place divided by the number of levels of this place that you have seen.
                   A       B       C       D       E      F
               +-------+-------+-------+-------+-------+----------------------
         Total | 100.0 | 100.0 |  -nan |  -nan | 100.0 |  39.0
       Dungeon | 100.0 | 100.0 |  -nan |  -nan | 100.0 |  39.0
               +-------+-------+-------+-------+-------+----------------------
